 Dungeon Crawl Stone Soup version 0.29-a0-553-g81b289dbe5 (webtiles) character file.

Game seed: 2558431065919969055

332 bande the Shield-Bearer (level 6, -1/38 HPs)
             Began as a Gargoyle Fighter on June 7, 2022.
             Slain by Duvessa
             ... wielding a +0 short sword
              (3 damage)
             ... on level 4 of the Dungeon.
             The game lasted 00:04:56 (3287 turns).

bande the Shield-Bearer (Gargoyle Fighter)          Turns: 3287, Time: 00:04:56

Health: -1/38      AC: 15    Str: 20    XL:     6   Next: 52%
Magic:  6/6        EV:  4    Int: 10    God:
Gold:   191        SH: 15    Dex: 17    Spells: 5/5 levels left

rFire   . . .      SeeInvis .   a - +0 war axe (flame)
rCold   . . .      Faith    .   k - +1 tower shield "Rucwaoku" {Int+2}
rNeg    + . .      Spirit   .   g - +0 chain mail
rPois   ∞          Reflect  .   m - +0 helmet
rElec   +          Harm     .   (no cloak)
rCorr   .          Rampage  .   (no gloves)
Will    +....                   (no boots)
Stlth   ..........              (no amulet)
HPRegen 0.12/turn               j - +6 ring of dexterity
MPRegen 0.10/turn               r - ring of willpower

@: lit by a corona, glowing, studying Armour
A: sickness immunity, AC +4, negative energy resistance 1, electricity
resistance, torment resistance 1, petrification resistance
a: no special abilities


You were on level 4 of the Dungeon.
You visited 1 branch of the dungeon, and saw 4 of its levels.

You collected 191 gold pieces.

Inventory:

Hand Weapons
 a - a +0 war axe of flaming (weapon)
 i - a +0 war axe
Missiles
 b - a throwing net (quivered)
Armour
 g - a +0 chain mail (worn)
 k - the +1 tower shield "Rucwaoku" (worn) {Int+2}
   (You acquired it on level 2 of the Dungeon)

   Int:       It affects your intelligence (+2).
 m - a +0 helmet (worn)
Jewellery
 j - a +6 ring of dexterity (left hand)
 r - a ring of willpower (right hand)
Potions
 c - 2 potions of haste {unknown}
 d - a potion of might
 f - 2 potions of heal wounds
 h - a potion of magic {unknown}
 l - a potion of attraction {unknown}
 p - a potion of curing {unknown}
 q - a potion of berserk rage


   Skills:
 + Level 4.0 Fighting
 + Level 4.1 Axes
 + Level 4.8 Armour
 - Level 0.4 Stealth
 + Level 5.0 Shields


You had 5 spell levels left.
You didn't know any spells.
Your spell library contained the following spells:

 Spells                   Type           Power      Damage    Failure   Level
 Apportation              Tloc           0%         N/A       100%        1
 Shock                    Conj/Air       0%         1d3       100%        1
 Alistair's Intoxication  Tmut/Pois      0%         N/A       100%        5


Dungeon Overview and Level Annotations

Branches:
Dungeon (4/15)
 Temple: D:4-7

Altars:

Annotations:
D:4 Duvessa


Innate Abilities, Weirdness & Mutations

You are immune to sickness and miasma.
Your stone body is resilient. (AC +4)
You are immune to poison.
You resist negative energy. (rN+)
You are resistant to electric shocks. (rElec)
You are resistant to unholy torment.
You are immune to petrification.


Message History

Dowan casts a spell at you. You block the puff of frost.
You block Duvessa's attack.
Unknown command.
You hit Dowan but do no damage.
Dowan is moderately wounded.
You hit Duvessa but do no damage. You block Dowan's attack.
Duvessa barely misses you. Duvessa hits you but does no damage.
Dowan hits you with a +2 dagger of venom.
You barely miss Dowan.
Dowan is moderately wounded.
You closely miss Duvessa.
Dowan hits you with a +2 dagger of venom.
You block Duvessa's attack. Duvessa hits you with a +0 short sword.
You block Dowan's attack.
You hit Dowan. You burn Dowan.
Dowan is severely wounded.
You hit Duvessa but do no damage. Dowan hits you but does no damage.
You block Duvessa's attack.
You hit Dowan. You burn Dowan.
Dowan is almost dead.
You hit Duvessa. You burn Duvessa. Dowan gestures at you while chanting.
You are outlined in light.
You block Duvessa's attack. Duvessa hits you but does no damage.
You block Dowan's attack.
Unknown command.
You hit Dowan. You burn Dowan.
You kill Dowan!
Duvessa weeps, and shakes her weapon.
Duvessa goes berserk!
You hit Duvessa but do no damage. Duvessa hits you with a +0 short sword.
* * * LOW HITPOINT WARNING * * *
Duvessa hits you but does no damage.
Your Fighting skill increases to level 4!
Your Shields skill increases to level 5!
You closely miss Duvessa.
Duvessa is moderately wounded.
Duvessa hits you with a +0 short sword!
* * * LOW HITPOINT WARNING * * *
You block Duvessa's attack. Duvessa hits you with a +0 short sword.
You die...

##..###..#
##..##
#...#...
##..## #.....#
##..## ....#
##..## #...#
##..## #...##
#..##
##.....## #..#
##e.......
#..## ##@..#
#...###
###.)###
##....###...##
##......>.##
##.......##
##........#
..(.........#
####........#
#######..##


You could see Duvessa (berserk).

Vanquished Creatures
  A necrophage (D:3)
  Dowan (D:4)
  An orc wizard (D:3)
  Terence (D:2)
  Robin (D:3)
  5 adders
  3 gnolls
  2 worms
  A dart slug (D:3)
  2 orcs (D:3)
  4 ball pythons
  3 bats
  7 endoplasms
  A giant cockroach (D:1)
  11 goblins
  6 hobgoblins
  15 jackals
  3 kobolds
  3 quokkas
  5 frilled lizards
  2 rats
78 creatures vanquished.

Vanquished Creatures (others)
  A fungus (D:2)
1 creature vanquished.

Grand Total: 79 creatures vanquished

Notes
Turn   | Place    | Note
-------+----------+-------------------------------------------
     0 | D:1      | bande the Gargoyle Fighter began the quest for the Orb.
     0 | D:1      | Reached XP level 1. HP: 14/14 MP: 1/1
   143 | D:1      | Reached XP level 2. HP: 13/19 MP: 2/2
   793 | D:1      | Reached XP level 3. HP: 23/23 MP: 3/3
  1374 | D:2      | Noticed Terence
  1389 | D:2      | Killed Terence
  1390 | D:2      | Reached XP level 4. HP: 14/29 MP: 4/4
  1395 | D:2      | Reached skill level 4 in Shields
  1854 | D:2      | Found a faded altar of an unknown god.
  1860 | D:2      | Got Plato's Grimoire of Weightlessness
  2021 | D:2      | Identified 2 scrolls of acquirement
  2021 | D:2      | Acquired a manual of Armour
  2026 | D:2      | Acquired the +1 tower shield "Rucwaoku" {Int+2}
  2328 | D:3      | Noticed a necrophage
  2334 | D:3      | Killed a necrophage
  2335 | D:3      | Reached XP level 5. HP: 26/33 MP: 5/5
  2440 | D:3      | Noticed Robin
  2453 | D:3      | Killed Robin
  2769 | D:3      | Reached XP level 6. HP: 38/38 MP: 6/6
  3269 | D:4      | Noticed Dowan
  3270 | D:4      | Noticed Duvessa
  3286 | D:4      | Killed Dowan
  3287 | D:4      | Reached skill level 5 in Shields
  3287 | D:4      | Slain by Duvessa

Illustrated notes

Levels and vault maps discovered:
D:1:      lightli_arrival_lavapool, layout_basic
D:2:      layout_loops_ring, shapermc_ecumenical_altar_rom_forum, uniq_terence
D:3:      layout_rooms, minmay_vboxes, uniq_robin
D:4:      layout_layer_cave, portal_sewer_entry_b,
          minmay_a_box_with_orc_wizards_in_it, uniq_duvessa, uniq_menkaure

Skill      XL: |  1  2  3  4  5  6 |
---------------+-------------------+-----
Axes           | 2 3 4 |  4.1
Shields        | 4 5 |  5.0
Armour         | 4 |  4.8
Fighting       | 4 |  4.0
Stealth        | |  0.4

Action                   |  1- 3 |  4- 6 || total
-------------------------+-------+-------++-------
Melee: War axe           |    93 |   108 ||   201
  Use: Scroll            |     1 |     9 ||    10
Armor: Scale mail        |    68 |     2 ||    70
       Chain mail        |       |    71 ||    71
Dodge: Dodged            |    55 |    30 ||    85
Block: Buckler           |    32 |     6 ||    38
       Tower shield      |       |   136 ||   136

Table legend: (Time is in decaauts)
 A = Elapsed time spent in this place.
 B = Non-inter-level travel time spent in this place.
 C = Inter-level travel time spent in this place.
 D = Time resting spent in this place.
 E = Time spent auto-exploring this place.
 F = Levels seen in this place.
 G = Mean time per level.
                   A        B        C        D        E       F      G
               +--------+--------+--------+--------+--------+-----+--------+
         Total |   3398 |   3355 |     43 |    563 |   2148 |   4 |  849.5 |
       Dungeon |   3398 |   3355 |     43 |    563 |   2148 |   4 |  849.5 |
               +--------+--------+--------+--------+--------+-----+--------+

Top non-repeatable levels by time:
     D:1: 1340 daAuts
     D:2: 1084 daAuts
     D:3: 846 daAuts
     D:4: 126 daAuts
